 Dungeon Crawl Stone Soup version 0.22-a0-322-g60b3cfd (webtiles) character file.

8371 Amnesiac the Zephyrmancer (level 11, -2/64 HPs)
             Began as a Deep Elf Air Elementalist on Apr 3, 2018.
             Was an Elder of Sif Muna.
             Slain by an orc warrior
             ... wielding a +0 hand axe
             ... led by an orc high priest
              (21 damage)
             ... on level 9 of the Dungeon.
             The game lasted 00:29:39 (12164 turns).

Amnesiac the Zephyrmancer (DEAE)                   Turns: 12164, Time: 00:29:40

Health: -2/64      AC:  8    Str: 10    XL:     11   Next: 9%
Magic:  0/28       EV: 15    Int: 24    God:    Sif Muna [****..]
Gold:   266        SH:  0    Dex: 13    Spells: 13/32 levels left

rFire    . . .     SeeInvis +   o - +0 dagger (flame)
rCold    . . .     Gourm    +   (no shield)
rNeg     + . .     Faith    .   D - +1 robe {MR+}
rPois    +         Spirit   .   h - +2 helmet
rElec    +         Reflect  .   (no cloak)
rCorr    .         Harm     .   B - +0 pair of gloves
MR       ++...                  y - +0 pair of boots
Stlth    ++........             f - amulet of the gourmand
HPRegen  0.20/turn              z - ring of Hodwouwk {rElec rN+ Dex-2 SInv}
MPRegen  0.21/turn              v - ring of poison resistance

@: mighty, no casting
A: no striking features
a: Stop Divine Energy, Channel Magic, Forget Spell, Renounce Religion


You were on level 9 of the Dungeon.
You worshipped Sif Muna.
Sif Muna was greatly pleased with you.
You were very full.

You visited 3 branches of the dungeon, and saw 11 of its levels.
You also visited: Sewer.

You collected 545 gold pieces.
You spent 279 gold pieces at shops.

Inventory:

Hand Weapons
 o - a +0 dagger of flaming (weapon)
Armour
 h - a +2 helmet (worn)
 y - a +0 pair of boots (worn)
 B - a +0 pair of gloves (worn)
 D - a +1 robe of magic resistance (worn)
Jewellery
 f - an amulet of the gourmand (around neck)
 v - a ring of poison resistance (right hand)
 z - the ring of Hodwouwk (left hand) {rElec rN+ Dex-2 SInv}
   (You bought it in a shop on level 8 of the Dungeon)

   [ring of see invisible]

   It affects your dexterity (-2).
   It insulates you from electricity.
   It protects you from negative energy.
   It lets you see invisible.
Wands
 a - a wand of digging (3)
 l - a wand of random effects (31)
 A - a wand of polymorph (14)
 C - a wand of disintegration (16)
 G - a wand of clouds (4)
Scrolls
 d - 5 scrolls of fog {!r, unknown}
 g - 3 scrolls of amnesia {!r, unknown}
 j - 3 scrolls of blinking {!r}
 p - 2 scrolls of magic mapping {!r, unknown}
 q - 6 scrolls of teleportation {!r}
 t - 2 scrolls of remove curse {!r}
 u - a scroll of enchant armour {!r}
 E - a scroll of torment {!r, unknown}
 I - a scroll of identify {!r}
Potions
 b - 4 potions of curing {!q}
 i - 2 potions of magic {!q}
 k - 2 potions of heal wounds {!q}
 m - 3 potions of lignification {!q}
 n - 3 potions of mutation {!q}
 r - 2 potions of haste {!q}
 s - a potion of berserk rage {!q}
 w - a potion of ambrosia {!q}
 x - a potion of flight {!q}
 H - 7 potions of degeneration {!q}
Comestibles
 c - 22 rations
 F - 2 chunks of flesh


   Skills:
 - Level 5.6 Fighting
 - Level 5.6 Dodging
 - Level 2.4 Stealth
 + Level 11.3 Spellcasting
 - Level 3.0 Conjurations
 - Level 3.0 Charms
 * Level 12.2 Air Magic


You had 13 spell levels left.
You knew the following spells:

 Your Spells              Type           Power        Failure   Level  Hunger
a - Airstrike             Air            ######....   1%          4    None
b - Static Discharge      Conj/Air       ######..     1%          3    None
c - Shock                 Conj/Air       ####         1%          1    None
d - Lightning Bolt        Conj/Air       ######....   5%          5    ####...
e - Confusing Touch       Hex            ##....       4%          1    None
r - Regeneration          Chrm/Necr      ###.......   8%          3    None
z - Swiftness             Chrm/Air       ######..     1%          2    None


Dungeon Overview and Level Annotations

Branches:
Dungeon (9/15)             Temple (1/1) D:6             Orc (1/2) D:9
   Lair: D:8-11

Altars:
Elyvilon
Kikubaaqudgha
Nemelex Xobeh
Qazlal
Ru
Sif Muna
Trog
Xom
Zin
The Shining One

Shops:
D:7 *   D:8 (*[[*


Message History

The orc warrior is heavily wounded.
The bolt of lightning hits the orc warrior.
You kill the orc warrior!
Sif Muna accepts your kill. The bolt of lightning hits you! You resist.
* * * LOW HITPOINT WARNING * * *
Sif Muna grants you divine energy.
You briefly lose access to your magic!
Some of the chunks of flesh in your inventory have rotted away.
Really quaff
b - 7 potions of curing {!q}?
You feel better.
You hit the orc but do no damage. The orc hits you but does no damage.
You hit the orc but do no damage. The orc hits you with a dagger.
* * * LOW HITPOINT WARNING * * *
You hit the orc but do no damage. The orc hits you but does no damage.
You barely miss the orc.
You regain access to your magic.
Casting: Lightning Bolt (safe; 5% risk of failure)
Confirm with . or Enter, or press ? or * to list all spells.
Aiming: Lightning Bolt (safe; 5% risk of failure)
Press: ? - help, Shift-Dir - straight line You hear a mighty clap of thunder!
The bolt of lightning hits the orc warrior.
The orc warrior is lightly wounded.
The bolt of lightning hits the orc.
You kill the orc!
Sif Muna accepts your kill. Sif Muna grants you divine energy.
You briefly lose access to your magic!
The orc warrior closely misses you.
Really quaff
e - a viscous emerald potion {!q}?
It was a potion of might {!q}.
You feel very mighty all of a sudden.
You hit the orc warrior but do no damage.
The orc warrior is lightly wounded.
You regain access to your magic.
The orc warrior hits you with a hand axe!
* * * LOW HITPOINT WARNING * * *
Really quaff
b - 6 potions of curing {!q}?
You feel better.
The orc warrior hits you with a hand axe!
* * * LOW HITPOINT WARNING * * *
Really quaff
b - 5 potions of curing {!q}?
You feel better.
The orc warrior hits you with a hand axe!
* * * LOW HITPOINT WARNING * * *
Really quaff
k - 3 potions of heal wounds {!q}?
You feel much better.
The orc warrior hits you with a hand axe!
* * * LOW HITPOINT WARNING * * *
Casting: Lightning Bolt (safe; 5% risk of failure)
Confirm with . or Enter, or press ? or * to list all spells.
Aiming: Lightning Bolt (safe; 5% risk of failure)
Press: ? - help, Shift-Dir - straight line You hear a mighty clap of thunder!
The bolt of lightning misses the orc warrior.
The bolt of lightning hits the orc.
You kill the orc!
Sif Muna accepts your kill.
The bolt of lightning hits the orc priest.
The orc priest appears unharmed.
The bolt of lightning misses the orc priest.
Sif Muna grants you divine energy.
You briefly lose access to your magic!
The orc warrior hits you with a hand axe!!
You die...

################
.........#...≈.#
.........#....≈#
........oo.....###
.............o.#@#
.......o.....#.#o#
.............#)#o#
...........[.#.')#
##################


You could see an orc warrior and an orc priest.

Vanquished Creatures
  The ghost of cirnu the Carver, a novice DsGl of Gozag (D:8)
  An orc high priest (Orc:1)
  The ghost of TheNamelessOne the Magician, a novice DrEE (D:5)
  A troll (D:9)
  3 hippogriffs
  4 yaks (D:9)
  A human (D:7)
  4 hogs (D:7)
  A hungry ghost (D:8)
  A water moccasin (D:7)
  6 orc warriors
  A black bear (D:6)
  An ice beast (D:8)
  2 sky beasts
  A swamp drake (D:9)
  A necrophage (D:8)
  4 ogres
  3 centaurs
  4 bullfrogs
  A gnoll sergeant (D:9)
  2 jellies
  3 scorpions
  5 wights (D:7)
  4 howler monkeys
  4 crimson imps
  A centaur zombie (D:5)
  A bullfrog zombie (D:6)
  A bullfrog skeleton (D:5)
  4 hounds
  9 orc priests
  2 quasits
  A centaur skeleton (D:7)
  An iguana (D:7)
  14 orc wizards
  12 worker ants
  Natasha (thrice) (D:4)
  3 hound skeletons
  3 worker ant zombies
  Robin (D:1)
  13 gnolls
  7 river rats
  15 adders
  An ooze (D:5)
  2 adder skeletons (D:5)
  2 worms (D:4)
  3 dart slugs
  2 leopard geckos
  52 orcs
  16 ball pythons
  9 bats
  10 giant cockroaches
  12 goblins
  11 hobgoblins
  12 jackals
  2 kobolds (D:1)
  5 quokkas
  2 frilled lizards
  A jackal skeleton (D:4)
  27 rats
320 creatures vanquished.

Vanquished Creatures (others)
  A quokka (D:5)
1 creature vanquished.

Grand Total: 321 creatures vanquished

Notes
Turn   | Place    | Note
-------+----------+-------------------------------------------
     0 | D:1      | Amnesiac the Deep Elf Air Elementalist began the quest for the Orb.
     0 | D:1      | Reached XP level 1. HP: 10/10 MP: 6/6
   186 | D:1      | Reached XP level 2. HP: 15/15 MP: 4/8
   206 | D:1      | Learned a level 2 spell: Swiftness
   707 | D:1      | Reached skill level 1 in Charms
   744 | D:1      | Reached XP level 3. HP: 17/19 MP: 2/9
  1158 | D:2      | Noticed Robin
  1341 | D:1      | Learned a level 3 spell: Static Discharge
  1530 | D:1      | Killed Robin
  1530 | D:1      | Reached XP level 4. HP: 13/24 MP: 6/10
  2371 | D:3      | Reached skill level 4 in Air Magic
  2391 | D:3      | Reached XP level 5. HP: 28/28 MP: 6/12
  2491 | D:3      | Learned a level 4 spell: Airstrike
  2853 | D:4      | Found a bloodstained altar of Trog.
  3261 | D:4      | Reached skill level 5 in Air Magic
  3261 | D:4      | Reached XP level 6. HP: 25/32 MP: 5/15
  3494 | D:4      | Reached skill level 5 in Spellcasting
  4146 | D:4      | Learned a level 5 spell: Lightning Bolt
  4214 | D:4      | Noticed Natasha
  4217 | D:4      | Killed Natasha
  4217 | D:4      | Reached skill level 6 in Air Magic
  4250 | D:4      | Noticed a sky beast
  4279 | D:4      | Noticed Natasha
  4286 | D:4      | Killed Natasha
  4286 | D:4      | Reached XP level 7. HP: 14/36 MP: 2/17
  4455 | D:4      | Noticed Natasha
  4457 | D:4      | Killed Natasha
  4462 | D:4      | Found a stormy altar of Qazlal.
  4462 | D:4      | Found a glowing silver altar of Zin.
  4462 | D:4      | Found a sacrificial altar of Ru.
  4588 | D:4      | Found a shimmering altar of Xom.
  4687 | D:5      | Entered Level 5 of the Dungeon
  4719 | D:5      | Found a glowing drain.
  4775 | Sewer    | Entered a sewer
  5118 | Sewer    | Reached skill level 7 in Air Magic
  6089 | D:5      | Reached XP level 8. HP: 42/42 MP: 11/20
  6132 | D:5      | Reached skill level 1 in Fighting
  6360 | D:5      | Noticed TheNamelessOne's ghost (novice DrEE)
  6364 | D:5      | Killed TheNamelessOne's ghost
  6365 | D:5      | Found an ancient bone altar of Kikubaaqudgha.
  6775 | D:5      | Found a sparkling altar of Nemelex Xobeh.
  6820 | D:5      | Found a white marble altar of Elyvilon.
  7135 | D:5      | Found a glowing golden altar of the Shining One.
  7541 | D:6      | Reached skill level 5 in Fighting
  7669 | D:6      | Reached skill level 5 in Dodging
  7669 | D:6      | Reached XP level 9. HP: 50/54 MP: 13/21
  7961 | D:6      | Found a staircase to the Ecumenical Temple.
  7972 | Temple   | Entered the Ecumenical Temple
  8075 | Temple   | Became a worshipper of Sif Muna the Loreminder
  8283 | D:7      | Reached skill level 8 in Air Magic
  8680 | D:7      | Reached skill level 9 in Air Magic
  8951 | D:7      | Reached * piety under Sif Muna
  9533 | D:7      | Found Peenih's General Store.
  9536 | D:7      | Bought a scroll of blinking for 97 gold pieces
  9536 | D:7      | Bought a potion of lignification for 39 gold pieces
  9536 | D:7      | Bought a scroll of noise for 13 gold pieces
  9772 | D:7      | Reached XP level 10. HP: 60/60 MP: 6/25
  9886 | D:7      | Reached skill level 10 in Air Magic
  9980 | D:7      | Learned a level 3 spell: Regeneration
  9982 | D:7      | Learned a level 1 spell: Confusing Touch
  9995 | D:8      | Reached ** piety under Sif Muna
 10100 | D:8      | Noticed cirnu's ghost (novice DsGl)
 10124 | D:8      | Found Puduna's Assorted Antiques.
 10133 | D:8      | Bought a flickering bone ring for 130 gold pieces
 10134 | D:8      | Identified the ring of Hodwouwk {rElec rN+ Dex-2 SInv} (You bought it in a shop on level 8 of the Dungeon)
 10272 | D:8      | Found Fipeofo's General Store.
 10382 | D:8      | Killed cirnu's ghost
 10382 | D:8      | Reached skill level 10 in Spellcasting
 10477 | D:8      | Found Ynehich's Armour Emporium.
 10530 | D:8      | Found Bioviucw's Armour Shop.
 10553 | D:8      | Found Lifag's Antique Weapon Shoppe.
 10856 | D:9      | Reached skill level 11 in Air Magic
 11036 | D:9      | Reached *** piety under Sif Muna
 11908 | D:9      | Reached skill level 12 in Air Magic
 11949 | D:9      | Found a staircase to the Orcish Mines.
 12115 | Orc:1    | Entered Level 1 of the Orcish Mines
 12115 | Orc:1    | Noticed an orc high priest
 12115 | Orc:1    | Noticed an orc warlord
 12118 | Orc:1    | Noticed a two-headed ogre
 12121 | Orc:1    | Killed an orc high priest
 12121 | Orc:1    | Reached **** piety under Sif Muna
 12121 | Orc:1    | Reached XP level 11. HP: 38/64 MP: 4/28
 12164 | D:9      | Slain by an orc warrior

Vault maps used:
D:1:      dpeg_arrival_stonehenge_8_columns
D:2:      guppyfry_early_orc_mine, uniq_robin
D:3:      first_ration
D:4:      nicolae_overflow_crystal_walls,
          chequers_temple_overflow_statue_of_worship, uniq_natasha
D:5:      elyvilon_altar_4, nemelex_xobeh_ov_fountains_minmay,
          kennysheep_little_box, lemuel_crystal_altar, portal_sewer_entry_b
D:6:      minmay_temple_entry_purple_smoke
D:7:      serial_shops, kennysheep_mini_moat, grunt_livestock
D:8:      serial_shops, nicolae_shop_waterfront, shop, nicolae_shop_stone,
          nicolae_shop_crystal, shop
D:9:      erik_orc_1
Temple:   dshaligram_water_room_temple
Orc:1:    uniq_harold
Sewer:    sewer_minmay_w

Skill      XL: |  1  2  3  4  5  6  7  8  9 10 |
---------------+-------------------------------+-----
Conjurations   | 2 3 |  3.0
Charms         | 1 3 |  3.0
Air Magic      | 4 5 6 7 9 12 | 12.2
Spellcasting   | 4 5 7 9 11 | 11.3
Fighting       | 5 |  5.6
Dodging        | 5 |  5.6
Stealth        | |  2.4

Action                   |  1- 3 |  4- 6 |  7- 9 | 10-12 || total
-------------------------+-------+-------+-------+-------++-------
Melee: Unarmed           |     2 |       |       |       ||     2
       Dagger            |       |    14 |    29 |     5 ||    48
 Cast: Shock             |    69 |   122 |   212 |    57 ||   460
       Static Discharge  |     3 |     2 |    18 |       ||    23
       Airstrike         |       |    23 |    90 |   110 ||   223
       Lightning Bolt    |       |       |     1 |    10 ||    11
Invok: Divine Energy     |       |       |     1 |       ||     1
  Use: Potion            |     1 |     2 |       |     7 ||    10
       Scroll            |       |     8 |     3 |       ||    11
 Stab: Sleeping          |       |       |     2 |       ||     2
  Eat: Chunk             |     2 |    12 |    20 |    20 ||    54
       Ration            |       |       |     1 |       ||     1
Armor: Robe              |     6 |     6 |    41 |    14 ||    67
Dodge: Dodged            |    23 |    35 |   121 |    42 ||   221

Table legend:
 A = Spawn XP
 B = Non-spawn XP
 C = Spawn XP percentage of total XP
 D = Spawn monster count
 E = Non-spawn monster count
 F = Spawn count percentage of total count
 G = Total turns spent on level
                    A         B        C        D         E        F      G
               +---------+---------+-------+---------+---------+-------+---------
         Total |       0 |   11959 |   0.0 |       0 |     320 |   0.0 | 12164
               +---------+---------+-------+---------+---------+-------+---------
           D:1 |       0 |      78 |   0.0 |       0 |      28 |   0.0 |  1574
           D:2 |       0 |      94 |   0.0 |       0 |      30 |   0.0 |   699
           D:3 |       0 |     201 |   0.0 |       0 |      24 |   0.0 |   899
           D:4 |       0 |     588 |   0.0 |       0 |      27 |   0.0 |  1629
           D:5 |       0 |    1367 |   0.0 |       0 |      41 |   0.0 |  1659
           D:6 |       0 |     748 |   0.0 |       0 |      19 |   0.0 |   592
           D:7 |       0 |    2710 |   0.0 |       0 |      35 |   0.0 |  1864
           D:8 |       0 |    1881 |   0.0 |       0 |      17 |   0.0 |   683
           D:9 |       0 |    3148 |   0.0 |       0 |      51 |   0.0 |  1403
         Orc:1 |       0 |     864 |   0.0 |       0 |       1 |   0.0 |     8
         Sewer |       0 |     280 |   0.0 |       0 |      47 |   0.0 |  1044
               +---------+---------+-------+---------+---------+-------+---------
